 Dungeon Crawl Stone Soup version 0.28-a0-724-g66f9036eb4 (webtiles) character file.

Game seed: 2035368518990599412

0 meatgazer the Skirmisher (level 1, -4/18 HPs)
             Began as a Demonspawn Abyssal Knight on Oct 26, 2021.
             Was a Follower of Lugonu.
             Slain by a flying skull (5 damage)
             ... on level 1 of the Abyss.
             The game lasted 00:00:07 (78 turns).

meatgazer the Skirmisher (Demonspawn Abyssal Knight)  Turns: 78, Time: 00:00:07

Health: -4/18      AC:  3    Str: 13    XL:     1   Next: 0%
Magic:  2/2        EV: 11    Int: 11    God:    Lugonu [*.....]
Gold:   0          SH:  0    Dex: 13    Spells: 0/0 levels left

rFire   . . .      SeeInvis .   a - +1 falchion
rCold   . . .      Faith    .   (no shield)
rNeg    . . .      Spirit   .   b - +0 leather armour
rPois   .          Reflect  .   (no helmet)
rElec   .          Harm     .   (no cloak)
rCorr   .          Rampage  .   (no gloves)
Will    .....                   (no boots)
Stlth   +.........              (no amulet)
HPRegen 0.06/turn               (no ring)
MPRegen 0.08/turn               (no ring)

@: no status effects
A: no striking features
a: Renounce Religion, Depart the Abyss


You were on level 1 of the Abyss.
You worshipped Lugonu.
Lugonu was aware of your devotion.
You visited 0 branches of the dungeon, and saw 0 of its levels.
You visited the Abyss 1 time.

Inventory:

Hand Weapons
 a - a +1 falchion (weapon)
Armour
 b - a +0 leather armour (worn)


   Skills:
 + Level 3.0 Fighting
 + Level 1.7 Long Blades
 + Level 1.7 Armour
 + Level 0.8 Dodging
 + Level 2.4 Invocations


You couldn't memorise any spells.
You didn't know any spells.
Your spell library was empty.

Dungeon Overview and Level Annotations

Branches:
Dungeon (0/15)

Altars:


Message History

Welcome, meatgazer the Demonspawn Abyssal Knight.
Are you destined to find the transcendent Orb of Zot, or to die trying?
Lugonu says: Depart the Abyss and spread corruption, my servant! (use the ability menu to exit the Abyss) Press ? for a list of commands and other information.
Found a corrupted altar of Lugonu.
A shadow comes into view.
A shadow is nearby!
A shadow is nearby!
A lurking horror comes into view.
The shadow slips into darkness.
The shadow flickers and vanishes!
Deactivating autopickup; reactivate with Ctrl-A.
A flying skull comes into view.
The flying skull gives a hideous shriek!
A large abomination comes into view.
A lurking horror comes into view.
The flying skull hits you! The flying skull misses you.
The flying skull hits you!
Ouch! That really hurt!
* * * LOW HITPOINT WARNING * * *
You feel a surge of unholy energy. The flying skull barely misses you.
An ancient zyme comes into view.
You feel yourself growing ill in the presence of the ancient zyme.
The flying skull hits you.
You die...

..#≈..# .##. ..
.≈.... .... ...
..≈≈. ....
#..#≈≈≈##..#
##..#≈≈≈#≈..##.
.....≈≈..≈.....
.........≈..≈..
#.. #.@#≈..#
##..##.z#≈..##.
.......*X.≈....
...........≈...
##..##..##.≈##.
##..##..##..≈#.
............x≈≈
..............≈
##..##..##..#≈≈


You could see an ancient zyme, a large abomination, a flying skull and a lurking
horror.

Vanquished Creatures (others)
  A lurking horror (Abyss:1)
1 creature vanquished.

Notes
Turn   | Place    | Note
-------+----------+-------------------------------------------
     0 | Abyss:1  | meatgazer the Demonspawn Abyssal Knight began the quest for
                  | the Orb.
     0 | Abyss:1  | Reached XP level 1. HP: 18/18 MP: 2/2
    52 | Abyss:1  | Noticed a shadow
    69 | Abyss:1  | Noticed a flying skull
    71 | Abyss:1  | Noticed a large abomination
    77 | Abyss:1  | Noticed an ancient zyme
    78 | Abyss:1  | Slain by a flying skull

Illustrated notes

Levels and vault maps discovered:
Abyss:1:  base: Temple, base:
Temple

Action                   || total
-------------------------++-------
Dodge: Dodged            ||     2

Table legend: (Time is in decaauts)
 A = Elapsed time spent in this place.
 B = Non-inter-level travel time spent in this place.
 C = Inter-level travel time spent in this place.
 D = Time resting spent in this place.
 E = Time spent auto-exploring this place.
 F = Levels seen in this place.
 G = Mean time per level.
                   A        B        C        D        E       F      G
               +--------+--------+--------+--------+--------+-----+--------+
         Total |     78 |     78 |      0 |      0 |     55 |   1 |   78.0 |
         Abyss |     78 |     78 |      0 |      0 |     55 |   1 |   78.0 |
               +--------+--------+--------+--------+--------+-----+--------+

Top non-repeatable levels by time:
 Abyss:1: 78 daAuts
